Map: Acid Plant LE

Players

MaSa

  • Race: Terran Terran
  • Spawn Location: 11:00

Lambo - Winner!

  • Race: Zerg Zerg
  • Spawn Location: 5:00

Event: WCS Austin 2018

VOD

Have the link to the VOD?

Description

Time

  • Played on: June 1, 2018, 11:03 p.m.
  • Length: 6:40

All games in this series

Show
View Real Time Build Order
Export as new Build Order

MaSa Terran 

Build Orders: Reaper Expand 

Get SALT Encoding   

  12  0:00  SCV  
  13  0:12  SCV  
  14  0:17  Supply Depot  
  14  0:24  SCV  
  15  0:38  SCV  
  15  0:40  Barracks  
  16  0:44  Refinery  
  16  0:50  SCV  
  17  1:02  SCV  
  18  1:15  SCV  
  19  1:27  Orbital Command, Reaper  
  20  1:43  Command Center  
  20  1:50  Bunker  
  20  1:56  SCV  
  20  1:59  Marine  
  22  2:06  Factory  
  22  2:11  Supply Depot, SCV  
  23  2:21  Barracks Reactor  
  23  2:33  SCV  
  24  2:45  SCV  
  24  2:47  Command Center  
  25  2:59  Starport, SCV  
  25  3:04  Orbital Command  
  26  3:10  Hellion  
  28  3:17  Hellion, Barracks Tech Lab  
  28  3:18  SCV  
  31  3:22  Refinery  
  31  3:30  SCV x2  
  31  3:34  Hellion  
  35  3:38  Hellion  
  37  3:42  SCV  
  37  3:46  Viking  
  37  3:47  SCV  
  41  3:51  Marine  
  41  3:54  SCV  
  43  3:59  Stimpack  
  43  4:00  Orbital Command  
  43  4:04  SCV  
  43  4:07  SCV  
  45  4:11  Marine  
  45  4:13  Supply Depot, Factory Tech Lab  
  45  4:16  SCV  
  47  4:17  Starport Reactor  
  47  4:20  SCV  
  47  4:23  Barracks  
  48  4:29  Barracks  
  48  4:33  SCV  
  48  4:35  SCV  
  50  4:39  Siege Tank  
  49  4:45  SCV  
  49  4:47  SCV  
  49  4:48  Marine  
  47  4:57  Engineering Bay x2  
  47  4:58  SCV  
  47  4:59  SCV  
  49  5:05  Starport Reactor, Supply Depot  
  49  5:06  Marine  
  50  5:07  Refinery  
  50  5:08  Refinery  
  50  5:10  SCV x2  
  50  5:11  SCV  
  50  5:14  Marine x2  
  53  5:19  Siege Tank  
  58  5:24  Marine x2  
  58  5:25  Marine  
  58  5:26  SCV  
  62  5:31  Marine  
  62  5:32  Marine, SCV x2  
  66  5:40  SCV  
  66  5:42  Marine  
  68  5:43  Supply Depot  
  68  5:44  SCV  
  68  5:46  Marine x2  
  62  5:55  Barracks Tech Lab  
  44  6:01  Siege Tank  
  45  6:11  Supply Depot  
  44  6:12  Supply Depot  
  44  6:14  Marine  
  44  6:17  SCV  
Show
View Real Time Build Order
Export as new Build Order

Lambo Zerg - Winner!

Build Orders: Hatch First 

Get SALT Encoding   

  12  0:00  Drone  
  13  0:13  Overlord  
  13  0:16  Drone  
  14  0:31  Drone x2  
  16  0:47  Hatchery  
  15  0:50  Drone  
  15  0:54  Drone  
  17  0:57  Drone  
  18  1:08  Extractor  
  17  1:13  Spawning Pool  
  17  1:16  Drone  
  17  1:19  Drone  
  18  1:28  Drone  
  19  1:39  Drone  
  20  2:00  Queen x2  
  20  2:01  Zergling x4  
  26  2:04  Drone  
  27  2:18  Hatchery  
  27  2:21  Overlord  
  26  2:24  Drone  
  26  2:26  Drone  
  28  2:31  Spore Crawler  
  28  2:32  Drone  
  28  2:36  Spore Crawler  
  28  2:40  Drone x2  
  31  2:46  Metabolic Boost  
  31  2:51  Queen  
  31  2:56  Overlord  
  34  2:58  Drone  
  34  3:02  Drone x2  
  36  3:15  Drone x3  
  36  3:16  Drone x2  
  36  3:17  Drone  
  42  3:27  Queen  
  42  3:33  Overlord  
  44  3:34  Queen  
  44  3:35  Drone x2  
  48  3:43  Drone  
  48  3:45  Drone  
  48  3:46  Overlord  
  50  3:53  Drone x4  
  54  3:56  Baneling Nest, Drone x2  
  54  4:00  Drone  
  56  4:03  Drone x2  
  56  4:06  Queen  
  56  4:09  Drone x2  
  61  4:10  Overlord  
  63  4:17  Zergling x2  
  63  4:19  Zergling x2  
  63  4:22  Overlord  
  64  4:32  Drone x3  
  64  4:36  Drone x2  
  61  4:44  Zergling x8  
  61  4:45  Zergling x4  
  64  4:48  Zergling x8  
  65  4:52  Zergling x2  
  65  4:53  Zergling x6  
  65  4:59  Zergling x2  
  69  5:04  Zergling x4  
  71  5:09  Overlord  
  71  5:12  Baneling x6  
  71  5:14  Zergling x4  
  73  5:17  Overlord  
  73  5:19  Baneling, Extractor  
  73  5:20  Baneling x4  
  72  5:22  Overlord  
  72  5:25  Overlord, Zergling x2  
  72  5:27  Overlord  
  73  5:29  Overlord  
  73  5:30  Zergling x10  
  78  5:37  Zergling x4  
  77  5:44  Zergling x8  
  77  5:48  Zergling x10  
  82  5:53  Zergling x2  
  82  5:56  Baneling x3, Zergling x6  
  77  6:01  Zergling x6  
  76  6:09  Zergling x2  
  75  6:12  Baneling x2  
  75  6:14  Zergling x6  
  75  6:18  Zergling x4  
  76  6:20  Zergling x2  
Tags
 
Add a new tag
Caveats
  • Supply blocks, unpowered buildings, or Contaminate may cause inaccurate times.
  • Supply counts are checked every 10 seconds.